Cogmind - Beta 15 @@@ ROGUE MODE // 2025.07.29 @ 23:45:25 Player: Err. String Expected Got Nil Result: Destroyed by L-61 Swordsman with Power Sword Performance ------------- Evolutions (6) 3000 Regions Visited (21) 4200 Robots Destroyed (405) 2025 Value Destroyed (16255) 16255 Prototype IDs (41) 820 Alien Tech Used (0) 0 Bonus (9489) 9489 TOTAL SCORE: 35789 Bonus ------- High Alert Combat Kills 5218 Follower Combat Kills 2700 Entered Garrisons 200 Network Hubs Disabled 400 Met Data Miner 300 Acquired ECA 300 Built Enhanced Grunts 300 A7 Reached Mainframe 300 Met R17 at Cetus 500 Friendly Fire -729 Cogmind --------- Core Integrity 0/1150 Matter 220/300 Energy 340/500 System Corruption 32% Temperature Cool (0) Movement Walking (190) Ox1 Location -4/Factory Parts ------- > --- POWER (2) -------- (None) > --- PROPULSION (4) --- Flexi-carbon Leg Flexi-carbon Leg > --- UTILITY (9) ------ Advanced Heat Sink Advanced Heat Sink High-capacity Storage Unit Improved Energy Well Advanced Target Analyzer Graphene Brace > --- WEAPON (4) ------- Heavy Phase Cannon Mini Smartbomb Launcher > --- INVENTORY (20) --- Light Antimatter Reactor Flexi-carbon Leg Flexi-carbon Leg Flexi-carbon Leg Large Storage Unit Advanced Matter Compressor (176) Advanced Recoil Stabilizer Improved Focal Shield Long-range Tractor Beam Peak State ------------ > --- POWER ------------ Neutrino Core Micro Fission Core > --- PROPULSION ------- Flexi-carbon Leg Myomer Leg Shield Leg Shield Leg > --- UTILITY ---------- Advanced Power Amplifier Advanced Heat Sink Advanced Heat Sink High-capacity Storage Unit Improved Energy Well Advanced Matter Compressor Advanced Target Analyzer Improved Weapon Cycler Improved Remote Force Field > --- WEAPON ----------- Phase Gun Hardcell Cannon Light Antimatter Cannon Light Antimatter Cannon > --- INVENTORY -------- Light Antimatter Reactor Flexi-carbon Leg Flexi-carbon Leg Flexi-carbon Leg Flexi-carbon Leg Flexi-carbon Leg Advanced Heat Sink Large Storage Unit High-capacity Matter Pod Advanced Recoil Stabilizer Hardened Heavy Armor Plating Improved Medium Armor Plating Improved Focal Shield Long-range Tractor Beam Plasma Rifle Wave Gun HERF Cannon Heavy Phase Cannon Mini Smartbomb Launcher [Rating: 131] Favorites ----------- Power Enhanced Nuclear Core Engine Improved Ion Engine Power Core Enhanced Nuclear Core Reactor Light Antimatter Reactor Propulsion Light Treads Treads Light Treads Leg Flexi-carbon Leg Utility Large Storage Unit Device Advanced Heat Sink Storage Large Storage Unit Processor Improved Signal Interpreter Hackware Authchip [Propulsion] Protection Hardened Medium Armor Plating Weapon Gauss Rifle Energy Gun Advanced Beam Rifle Energy Cannon Neutron Cannon Ballistic Gun Gauss Rifle Ballistic Cannon Assault Cannon Launcher Rocket Launcher Slashing Weapon Molecular Scythe Build | -11 -10 -10 -9 -9 -8 -8 -8 -8 -7 -7 -7 -7 -7 -6 -6 -6 -6 -6 -6 -5 -4 ------- Run | Yrd Mat Min Mat Min Mat Gar Mat Sto Fac Was Fac Low Dat Pro Fac Ext Cet Arc Hub Fac Fac Slots Evolved 12 | . . . 2 . 2 . . . 2 . . . . . 2 . . . . 2 2 Power 1 | . . . . . . . . . . . . . . . . . . . . 1 . Propulsion 2 | . . . 1 . 1 . . . . . . . . . . . . . . . . Utility 7 | . . . . . 1 . . . 2 . . . . . 2 . . . . 1 1 Weapon 2 | . . . 1 . . . . . . . . . . . . . . . . . 1 Parts Attached 257 | 7 3 1 20 4 23 5 7 28 11 3 6 1 . 1 18 12 7 . 6 21 73 Power 26 | 1 . . 1 1 1 2 1 5 1 . . . . . 1 . . . . 4 8 Engine 14 | 1 . . 1 . 1 1 1 5 . . . . . . 1 . . . . 3 . Core 9 | . . . . 1 . 1 . . 1 . . . . . . . . . . 1 5 Reactor 3 | . . . . . . . . . . . . . . . . . . . . . 3 Propulsion 85 | 2 . . 7 1 12 2 2 14 5 . 2 . . 1 4 5 3 . 2 2 21 Treads 44 | 2 . . 7 1 12 2 2 14 . . . . . . . . . . . . 4 Leg 41 | . . . . . . . . . 5 . 2 . . 1 4 5 3 . 2 2 17 Wheel . | . . . . . . . . . . . . . . . . . . . . . . Hover . | . . . . . . . . . . . . . . . . . . . . . . Flight . | . . . . . . . . . . . . . . . . . . . . . . Utility 76 | 2 1 1 3 . 4 1 2 . 1 1 4 1 . . 11 4 2 . 2 10 26 Device 43 | 1 . 1 1 . 2 1 . . . 1 2 . . . 8 4 1 . 1 4 16 Storage 12 | 1 1 . 2 . . . 1 . . . 1 . . . . . . . . 2 4 Processor 7 | . . . . . . . 1 . . . . . . . 1 . . . . 2 3 Hackware 1 | . . . . . . . . . . . . . . . 1 . . . . . . Protection 13 | . . . . . 2 . . . 1 . 1 1 . . 1 . 1 . 1 2 3 Artifact . | . . . . . . . . . . . . . . . . . . . . . . Weapon 70 | 2 2 . 9 2 6 . 2 9 4 2 . . . . 2 3 2 . 2 5 18 Energy Gun 23 | 1 . . 3 . 3 . 1 3 1 1 . . . . 1 . 1 . . 1 7 Energy Cannon 8 | . . . . . . . . 2 . 1 . . . . . 1 . . 1 . 3 Ballistic Gun 12 | 1 . . . . 2 . . 1 2 . . . . . . . 1 . 1 2 2 Ballistic Cannon 18 | . 1 . 5 2 . . 1 1 . . . . . . 1 1 . . . 1 5 Launcher 6 | . 1 . 1 . 1 . . 1 1 . . . . . . . . . . 1 . Special Weapon . | . . . . . . . . . . . . . . . . . . . . . . Impact Weapon . | . . . . . . . . . . . . . . . . . . . . . . Slashing Weapon 3 | . . . . . . . . 1 . . . . . . . 1 . . . . 1 Piercing Weapon . | . . . . . . . . . . . . . . . . . . . . . . Special Melee Weapon . | . . . . . . . . . . . . . . . . . . . . . . Unidentified Prototypes 28 | . . 1 . . 2 . . 5 3 2 . . . . 1 . 4 . 2 3 5 Corrupted Parts 3 | . . . . . . . . . . . . . . . . . . . . . 3 System Corruption 17 | . . . . . . . . . . . . . . . . . . . . . 17 Parts Lost 84 | . . . . . 3 2 1 1 . . 2 . . . 4 4 . . 2 19 46 Power 13 | . . . . . 1 1 . . . . . . . . . . . . . 3 8 Propulsion 22 | . . . . . 1 1 1 . . . . . . . . . . . . 3 16 Utility 26 | . . . . . 1 . . . . . 2 . . . 2 2 . . 1 7 11 Weapon 23 | . . . . . . . . 1 . . . . . . 2 2 . . 1 6 11 Highest Loss Streak 11 | . . . . . 3 1 1 1 . . 2 . . . 3 1 . . 1 10 11 To Critical Strikes . | . . . . . . . . . . . . . . . . . . . . . . Average Backups 13 | 3 7 8 9 15 14 14 14 14 14 13 11 12 12 12 11 11 12 12 14 14 15 Power . | . 1 1 1 1 . . . . 1 1 1 1 1 1 1 1 1 1 1 . . Propulsion 2 | 1 2 2 2 5 4 4 3 3 1 1 1 1 1 1 1 3 2 2 2 2 1 Utility 4 | . 1 2 2 3 2 3 3 4 5 6 6 7 7 7 5 4 4 4 6 5 7 Weapon 5 | 1 3 3 3 5 6 6 7 6 7 4 3 3 3 3 3 3 4 4 4 5 5 Tool/Special . | . . . . . . . . . . . . . . . . . . . . . . Unused Backups 52 | . 3 1 4 3 3 1 3 7 5 2 . . . . 5 3 2 . . 2 8 Power 5 | . . . 1 . . . . 1 . . . . . . 2 . . . . . 1 Propulsion 17 | . 2 . . 3 . 1 1 3 . . . . . . 1 2 . . . . 4 Utility 13 | . . 1 3 . . . 1 . 2 1 . . . . 1 . . . . 1 3 Weapon 17 | . 1 . . . 3 . 1 3 3 1 . . . . 1 1 2 . . 1 . Tool/Special . | . . . . . . . . . . . . . . . . . . . . . . Average Slot Usage (%) 97 | . 100 100 99 100 99 97 97 99 99 100 99 100 100 100 98 99 100 100 86 99 88 Engine 3 | . 14 14 11 1 6 2 9 9 2 . . . . . . . . . . 4 2 Core 4 | . . . . 9 2 6 . . 4 7 7 7 7 7 5 6 6 6 6 4 5 Treads 12 | . 28 28 32 33 35 33 33 35 . . . . . . . . . . . . 2 Leg 14 | . . . . . . . . . 29 30 30 30 30 30 26 26 26 26 26 22 15 Device 17 | . 14 14 11 11 9 16 9 9 14 15 14 15 15 15 23 31 27 26 12 23 20 Storage 8 | . 14 14 11 11 9 9 9 9 7 7 7 7 7 7 6 6 6 6 6 5 9 Processor 6 | . . . . . . . 8 9 7 7 7 7 7 7 6 6 6 6 6 10 13 Protection 3 | . . . . . 8 1 . . 6 7 7 7 7 7 8 1 5 6 6 5 . Energy Gun 6 | . 13 13 10 11 7 8 9 8 6 7 7 7 7 7 5 5 6 6 2 4 3 Energy Cannon 1 | . . . . . . . . . . . . . . . 1 6 6 6 5 . 2 Ballistic Gun 6 | . . . . . 14 9 9 9 13 15 14 15 15 15 10 . 1 6 9 8 2 Ballistic Cannon 6 | . 13 14 21 18 4 8 9 8 1 . . . . . . 6 4 . . 1 5 Peak Build Rating 131 | 7 7 15 20 21 41 42 34 33 58 61 62 55 55 57 79 78 92 92 98 105 131 Average Rating 61 | 5 7 7 17 20 31 37 28 27 53 58 57 55 55 56 69 76 84 91 91 97 104 On Entrance 45 | . 7 7 8 20 20 40 29 27 33 56 60 55 55 55 57 76 78 92 92 89 50 Naked Turns . | . . . . . . . . . . . . . . . . . . . . . . Heaviest Build 111 | 12 14 14 41 41 48 46 37 45 54 51 55 51 51 51 63 64 60 58 94 81 111 Greatest Support 140 | 40 40 40 63 63 112 112 88 82 82 70 73 73 73 78 80 76 88 88 92 92 140 Greatest Overweight (x) 3 | . . . . . . . . . . . . . . . 1 . . . 1 1 3 Average Overweight (x) . | . . . . . . . . . . . . . . . . . . . . . . Largest Inventory Capacity 25 | 8 25 8 15 15 15 15 15 15 15 15 15 15 15 15 15 15 15 15 15 15 20 Average Capacity 14 | 7 8 8 10 15 15 15 15 15 15 15 15 15 15 15 15 15 15 15 15 15 16 Most Carried 20 | 5 8 8 15 15 15 15 15 15 15 15 15 15 15 15 15 15 15 15 15 15 20 Average Carried 14 | 3 7 7 9 14 14 14 14 14 14 14 14 15 15 15 14 14 14 14 14 14 15 Final Capacity 20 | 8 8 8 15 15 15 15 15 15 15 15 15 15 15 15 15 15 15 15 15 15 20 Final Carried 15 | 5 8 8 15 15 14 14 15 15 15 15 15 15 15 15 14 15 15 15 13 12 9 Class Distribution -------------------- 22% | Scavenger-Gunner 20% | Scavenger-Skirmisher 10% | Gunner 10% | Commander-Skirmisher 8% | Scavenger-Tank 7% | Skirmisher 7% | Tank 7% | Mutant 5% | Scavenger-Mutant Dominant Class ---------------- Mutant | -10/Materials Mutant | -10/Mines Gunner | -9/Materials Scavenger-Gunner | -9/Mines Scavenger-Tank | -8/Materials Scavenger-Gunner | -8/Garrison Scavenger-Gunner | -8/Materials Scavenger-Gunner | -8/Storage Scavenger-Skirmisher | -7/Factory Scavenger-Skirmisher | -7/Waste Scavenger-Skirmisher | -7/Factory Skirmisher | -7/Lower Caves Skirmisher | -7/Data Miner Skirmisher | -6/Proximity Caves Tank | -6/Factory Commander-Skirmisher | -6/Extension Commander-Skirmisher | -6/Cetus Commander-Skirmisher | -6/Archives Scavenger-Tank | -6/Hub_04(d) Scavenger-Skirmisher | -5/Factory Scavenger-Gunner | -4/Factory Resources | -11 -10 -10 -9 -9 -8 -8 -8 -8 -7 -7 -7 -7 -7 -6 -6 -6 -6 -6 -6 -5 -4 ----------- Run | Yrd Mat Min Mat Min Mat Gar Mat Sto Fac Was Fac Low Dat Pro Fac Ext Cet Arc Hub Fac Fac Matter Collected 11693 | 266 93 55 773 220 1075 657 425 1027 208 157 76 55 . 52 834 482 168 8 633 918 3511 Remotely 2316 | . . . . . . . . . . . . . . . . . . . . 223 2093 Salvage Created 16206 | 127 267 66 1094 181 1426 800 575 1608 338 . . . . 74 1564 933 303 69 1304 1379 4098 Parts 769 | 8 20 5 72 9 65 34 38 85 15 . . . . 3 90 32 8 2 58 63 162 Haulers Intercepted 20 | . 1 . 1 . 4 . 1 3 2 . . . . . 3 . . . 1 1 3 Recyclers Shooed 14 | . 1 . 1 1 2 . 1 . . . . . . . 2 1 . . . . 5 Parts Field Recycled . | . . . . . . . . . . . . . . . . . . . . . . Retrieved Matter . | . . . . . . . . . . . . . . . . . . . . . . Parts Self-Destructed 10 | . . . . . . . . . . . . 1 . 9 . . . . . . . Prevented . | . . . . . . . . . . . . . . . . . . . . . . Kills | -11 -10 -10 -9 -9 -8 -8 -8 -8 -7 -7 -7 -7 -7 -6 -6 -6 -6 -6 -6 -5 -4 ------- Run | Yrd Mat Min Mat Min Mat Gar Mat Sto Fac Was Fac Low Dat Pro Fac Ext Cet Arc Hub Fac Fac Combat Hostiles Destroyed 314 | . 7 3 31 14 23 26 12 31 4 . . . . 2 27 14 5 1 15 24 75 Melee 2 | . . . . . . . . . . . . . . . . . . . . . 2 Guns 140 | . . . 5 4 12 16 10 18 1 . . . . 2 21 2 1 . 6 20 22 Cannons 104 | . 4 . 24 3 9 5 2 10 . . . . . . 1 12 3 1 1 4 25 AOE 62 | . 3 3 2 7 2 5 . 3 3 . . . . . 5 . . . 5 . 24 Classes Destroyed 22 | 2 6 . 1 1 1 3 . 3 . . . . . 1 . . . . 2 . 2 Worker 21 | . 2 . 3 . 3 . . 1 . . . . . . 2 . . . 6 . 4 Builder 12 | . 1 . 1 . . . . 2 . . . . . . . 1 . . 2 1 4 Tunneler 3 | 2 . . . . . . . . . . . . . . . . . . . . 1 Hauler 20 | . 1 . 1 . 4 . 1 3 2 . . . . . 3 . . . 1 1 3 Recycler 20 | 1 . 1 3 . 3 . 2 . 2 . . . . . 1 1 . . . 1 5 Mechanic 2 | . . . . . 1 . . . . . . . . . . . . . . . 1 Drone 1 | . . . . . . . . . . . . . . 1 . . . . . . . Watcher 16 | . 2 . . . 3 . 2 1 1 . . . . . 2 1 . . 1 2 1 Swarmer 71 | . 3 3 8 4 4 7 6 . 3 . . . . . 13 . . . . 9 11 Cutter 1 | . . . . . . 1 . . . . . . . . . . . . . . . Saboteur 2 | . . . . . . . . . . . . . . . . . . . . . 2 Grunt 132 | . 4 . 17 3 15 13 2 15 1 . . . . 1 6 11 . . 9 3 32 Brawler 6 | . . . . . . . . 2 . . . . . . . . . . 1 1 2 Duelist 10 | . . . . . . . . 1 . . . . . . 2 . . . 1 . 6 Protector 3 | . . . . . . . . 1 . . . . . . . . . . 1 . 1 Sentry 34 | . . . 6 . 4 2 4 12 . . . . . . 2 1 . 1 . 1 1 Specialist 3 | . . . . . . . . . . . . . . . . . . . . 3 . Hunter 6 | . . . . . . 1 . . . . . . . . . 2 . . 1 . 2 Programmer 30 | . . . . . . 2 . . . . . . . . 4 . . . . 7 17 Heavy 1 | . . . . . . . . . . . . . . . . . . . 1 . . Behemoth 1 | . . . . . . . . . . . . . . . . . . . . . 1 Cetus Guard 5 | . . . . . . . . . . . . . . . . . 5 . . . . Lightning 1 | . . . . . . . . . . . . . . . . . . . 1 . . Assembled 7 | . . . . 7 . . . . . . . . . . . . . . . . . Savage 1 | . . . . . . . . . . . . . . . . . . . 1 . . Guerrilla 1 | . . . . . . . . . . . . . . . . . . . 1 . . Infiltrator 2 | . . . . . . . . . . . . . . . . . . . 2 . . Best Kill Streak 16 | 3 5 3 6 7 9 4 3 5 3 . . . . 1 8 4 3 1 7 7 16 Combat Bots Only 15 | . 3 3 6 7 9 4 3 5 3 . . . . 1 7 3 3 1 4 6 15 Max Kills in Single Turn 5 | 1 3 2 2 3 2 2 1 3 2 . . . . 1 4 2 1 1 5 2 4 Gunslinging 1 | . . . . . . . . . . . . . . . 1 . . . . 1 1 Exploded 4 | . 1 2 1 3 2 2 . 3 2 . . . . . 4 . . . 2 . 4 Melee 1 | . . . . . . . . . . . . . . . . . . . . . 1 Uniques/NPCs Destroyed . | . . . . . . . . . . . . . . . . . . . . . . Combat | -11 -10 -10 -9 -9 -8 -8 -8 -8 -7 -7 -7 -7 -7 -6 -6 -6 -6 -6 -6 -5 -4 -------- Run | Yrd Mat Min Mat Min Mat Gar Mat Sto Fac Was Fac Low Dat Pro Fac Ext Cet Arc Hub Fac Fac Hostile Shots Fired 1790 | . 22 4 78 28 136 96 34 92 4 . . 18 . 7 123 104 31 4 144 241 624 Missed 584 | . 6 2 29 8 38 29 5 29 1 . . 9 . 3 46 37 15 2 35 94 196 Deflected 25 | . . . . . . . . . . . . . . . . . . . . . 25 Hits 1206 | . 16 2 49 20 98 67 29 63 3 . . 9 . 4 77 67 16 2 109 147 428 Melee 61 | . . . . 4 . 2 . 7 . . . . . . 1 . . . 14 3 30 Projectile 1145 | . 16 2 49 16 98 65 29 56 3 . . 9 . 4 76 67 16 2 95 144 398 AOE 2 | . . . . . . 1 . . . . . . . . . . . . . . 1 Critical Strikes 89 | . . . 1 . 8 7 . 4 . . . . . . 4 . 3 . 18 6 38 Actively Blocked 36 | . . . . . . . . . . . . . . . . . . . . . 36 Part Disruptions 6 | . . . . 1 . . . . . . . . . . . . . . 1 4 . Damage Taken 21937 | . 174 18 569 412 1472 1062 368 1131 69 . 257 52 . 61 1373 1124 366 48 1702 2859 8820 Core 2231 | . . 9 43 33 138 103 54 108 . . . 22 . . 45 178 42 . 54 221 1181 Absorbed by Shields 300 | . . . . . . . . . . . . . . . . 44 43 . . . 213 Ignored by Resistances 1861 | . . . . . . . . . . . . . . . . . . . 1700 37 124 Regen/Repaired (Parts) 373 | . . . 86 . 101 . . . . 107 . . . . 79 . . . . . . Core Remaining (%) 76 | 100 . 96 . 81 . . . 26 . . . . . 96 . . . . 62 77 . Volleys Fired 887 | 5 25 3 51 16 79 62 42 84 15 . 3 2 . 4 61 56 13 2 53 95 216 Largest 4 | 2 2 2 3 3 3 3 3 3 3 . 3 3 . 3 3 3 3 3 3 3 4 Hottest 320 | 70 80 80 139 137 147 123 119 134 137 . 136 136 . 136 214 214 209 200 200 320 284 Shots Fired 2195 | 10 46 4 135 37 223 167 122 240 39 . 8 6 . 12 181 139 37 6 118 221 444 Gun 1320 | 10 22 1 43 11 166 104 82 160 34 . 8 6 . 12 164 47 11 4 66 180 189 Cannon 811 | . 20 1 88 20 53 56 40 79 2 . . . . . 17 92 26 2 47 41 227 Launcher 64 | . 4 2 4 6 4 7 . 1 3 . . . . . . . . . 5 . 28 Special . | . . . . . . . . . . . . . . . . . . . . . . Kinetic 1291 | 5 21 1 88 20 175 106 80 158 24 . 4 4 . 8 112 46 13 2 73 142 209 Thermal 763 | 5 21 1 43 11 44 54 42 81 11 . 4 2 . 4 69 88 24 4 40 79 136 Explosive 64 | . 4 2 4 6 4 7 . 1 3 . . . . . . . . . 5 . 28 Electromagnetic 77 | . . . . . . . . . 1 . . . . . . 5 . . . . 71 Robot Hit Streak 24 | 3 6 4 16 4 11 17 5 24 9 . 2 3 . 1 12 9 6 2 9 22 11 Robot Miss Streak 8 | 2 2 . 3 5 4 3 8 6 4 . 3 1 . 3 6 5 3 4 4 6 6 Penetration Max 1 | . . . . . . . . . . . . . . . 1 . . . 1 1 1 Secondary Targets 6 | . . . . . 1 . . . . . . . . . 2 . . . . 2 1 Max Gunslinging Chain 2 | . . . . . 1 . . . . . . . . . 1 . . . . 2 1 Shots Hit Robots 1291 | 6 27 4 81 13 143 103 60 160 19 . 3 5 . 3 105 96 21 3 65 119 255 Core Hits 721 | 4 16 4 42 21 57 43 22 60 20 . 1 . . 2 66 69 11 3 52 52 176 Critical Kills 10 | . . . . . . 1 . . . . . . . 1 2 1 1 . 1 . 3 Critical Parts Destroyed 19 | . . . . . . . . 1 1 . 1 . . . 3 1 . . 4 2 6 Critical Strikes 76 | . . . 5 . 4 3 4 11 2 . 1 . . 1 5 3 2 . 6 3 26 Burn 20 | . . . . . 4 . 3 9 1 . . . . . . . . . . . 3 Meltdown 1 | . . . . . . . . . . . . . . . . . 1 . . . . Destroy 28 | . . . . . . 1 . 1 1 . 1 . . 1 5 2 . . 5 2 9 Blast 20 | . . . 5 . . 2 1 1 . . . . . . . 1 1 . 1 1 7 Corrupt 4 | . . . . . . . . . . . . . . . . . . . . . 4 Sever 3 | . . . . . . . . . . . . . . . . . . . . . 3 Melee Attacks 22 | . . . . . . . . 2 . . . . . . . . . . . . 20 Impact . | . . . . . . . . . . . . . . . . . . . . . . Slashing 22 | . . . . . . . . 2 . . . . . . . . . . . . 20 Piercing . | . . . . . . . . . . . . . . . . . . . . . . Sneak Attacks 1 | . . . . . . . . . . . . . . . . . . . . . 1 Combat Hostiles . | . . . . . . . . . . . . . . . . . . . . . . Follow-up Attacks . | . . . . . . . . . . . . . . . . . . . . . . Damage Inflicted 45791 | 84 719 173 2207 772 3097 2729 1189 3569 657 . 71 109 . 72 3832 2889 702 85 4100 4028 14707 Guns 18210 | 84 186 12 456 101 1895 1420 846 2292 353 . 71 109 . 72 2352 820 150 23 941 3017 3010 Cannons 14229 | . 198 16 1319 142 827 726 315 1001 20 . . . . . 412 1883 552 62 709 819 5228 Explosions 12468 | . 320 145 390 519 354 583 . 251 274 . . . . . 1068 181 . . 2414 183 5786 Melee 640 | . . . . . . . . . . . . . . . . . . . . . 640 Ramming 244 | . 15 . 42 10 21 . 28 25 10 . . . . . . 5 . . 36 9 43 Kinetic 19022 | 22 198 16 1319 142 2132 1296 641 1962 262 . 22 62 . 48 1582 1050 276 23 1202 2559 4208 Thermal 13711 | 62 186 12 456 101 590 850 520 1331 100 . 49 47 . 24 2250 1717 426 62 448 1379 3101 Explosive 9510 | . 320 145 390 519 354 583 . 251 274 . . . . . . . . . 1161 81 5432 Electromagnetic 2664 | . . . . . . . . . 11 . . . . . . 117 . . 1253 . 1283 Impact . | . . . . . . . . . . . . . . . . . . . . . . Slashing 640 | . . . . . . . . . . . . . . . . . . . . . 640 Piercing . | . . . . . . . . . . . . . . . . . . . . . . Highest Corruption 32 | . . . . . . 1 1 1 . . 1 1 1 1 3 . . . 5 16 32 Average Corruption 7 | . . . . . . 1 1 1 . . 1 1 1 1 1 . . . 3 9 20 Corruption Purged 3 | . . . . . . . . . . . . . . . 3 . . . . . . Corruption Blocked . | . . . . . . . . . . . . . . . . . . . . . . Effects 229 | . . . . . . 1 5 9 . . 4 2 . 1 16 . . . 17 51 123 Message Errors 51 | . . . . . . . 1 1 . . . . . 1 8 . . . 7 9 24 Matter Fused 47 | . . . . . . 1 . 1 . . . 1 . . . . . . 2 10 32 Heat Flow Errors 30 | . . . . . . . 2 3 . . . . . . 2 . . . 2 8 13 Energy Discharges 22 | . . . . . . . . 1 . . 1 . . . 2 . . . 2 3 13 Parts Rejected 4 | . . . . . . . 1 . . . . . . . . . . . . 1 2 Parts Fused 1 | . . . . . . . . . . . . . . . 1 . . . . . . Data Loss (minor) 24 | . . . . . . . . 1 . . 1 1 . . 1 . . . 2 7 11 Data Loss (major) 10 | . . . . . . . 1 . . . 1 . . . 1 . . . . 5 2 Misfires 10 | . . . . . . . . . . . 1 . . . 1 . . . 2 3 3 Alerts 6 | . . . . . . . . 1 . . . . . . . . . . . 1 4 Weapon Failures 24 | . . . . . . . . 1 . . . . . . . . . . . 4 19 Overload Shots 3 | . . . . . . . . . . . . . . . . . . . . 2 1 Overflow Damage 1270 | . 6 . 5 61 32 106 9 3 6 . . . . . 288 6 . . 58 115 575 Projectiles 496 | . . . . 7 15 14 9 3 . . . . . . . 6 . . 31 73 338 Explosions 750 | . 6 . 5 54 17 92 . . 6 . . . . . 288 . . . 27 42 213 Melee 24 | . . . . . . . . . . . . . . . . . . . . . 24 Knockbacks 96 | . 3 . 9 . 11 10 2 5 . . . . . . 6 15 . . 2 9 24 Impact 3 | . . . 1 . 1 . . . . . . . . . . . . . . . 1 Kinetic 85 | . 3 . 7 . 9 10 2 4 . . . . . . 6 15 . . 2 8 19 Secondary 8 | . . . 1 . 1 . . 1 . . . . . . . . . . . 1 4 Self-Inflicted Damage 900 | . . . . 127 . 51 . 15 . . . . . . 269 60 . . 157 50 171 Shots 21 | . . . . 3 . 2 . 1 . . . . . . 3 1 . . 5 1 5 Rammed 25 | . 4 . 7 3 3 . 6 2 . . . . . . . . . . . . . Targets Rammed 50 | . 5 . 11 3 5 . 6 3 3 . . . . . 1 1 . . 5 1 6 Kicked 17 | . . . . . . . . . 3 . . . . . 1 1 . . 5 1 6 Crushed 8 | . 1 . 4 . 2 . . 1 . . . . . . . . . . . . . Highest Temperature 420 | 50 144 18 402 153 310 280 301 253 33 . 30 60 . 39 247 285 186 84 381 243 420 Average Temperature 81 | 25 39 12 100 55 76 64 75 49 11 . 16 33 . 20 46 91 81 45 128 68 104 Received Heat Transfer 4724 | . 78 . 216 102 801 414 126 405 18 . . . . 27 255 300 17 18 427 339 1181 Effects 12 | . . . 3 . . 2 . . . . . . . . . . . . 3 . 4 Shutdowns 4 | . . . 2 . . . . . . . . . . . . . . . 1 . 1 Interference 4 | . . . . . . 2 . . . . . . . . . . . . 2 . . Matter Decay 2 | . . . . . . . . . . . . . . . . . . . . . 2 Short Circuit 2 | . . . 1 . . . . . . . . . . . . . . . . . 1 Siege Activations . | . . . . . . . . . . . . . . . . . . . . . . Martial Activations . | . . . . . . . . . . . . . . . . . . . . . . Shielding Activations 3 | . . . . . . . . . . . . . . . . . . . . . 3 Total Turns 55 | . . . . . . . . . . . . . . . . . . . . . 55 Longest Duration 24 | . . . . . . . . . . . . . . . . . . . . . 24 Robots Disrupted . | . . . . . . . . . . . . . . . . . . . . . . Combat Hostiles . | . . . . . . . . . . . . . . . . . . . . . . Robots Corrupted 8 | . . . . . . . . . . . . . . . . . . . 4 . 4 Combat Hostiles 5 | . . . . . . . . . . . . . . . . . . . 3 . 2 Parts Fried 27 | . . . . . . . . . . . . . . . . 1 2 . 12 . 12 Impact Corruptions 2 | . . . . 1 . . . . . . . . . . . . . . . . 1 Robots Melted 1 | . . . . . . . . . . . . . . . . . 1 . . . . Combat Hostiles 1 | . . . . . . . . . . . . . . . . . 1 . . . . Parts Melted 21 | 1 . . . . 1 1 . 3 . . . . . 1 2 5 1 . . 3 3 Heat Transferred 18497 | 185 555 37 999 222 1406 1554 1184 3033 259 . 74 74 . 37 2280 1508 555 74 390 1556 2515 Parts Sabotaged 2 | . . . . . . . . . . . . . . . . . . . 2 . . Parts Stolen . | . . . . . . . . . . . . . . . . . . . . . . Parts Stripped . | . . . . . . . . . . . . . . . . . . . . . . Power Chain Reactions 4 | . . . . . . . . . . . . . . . 1 2 . . . . 1 Alert | -11 -10 -10 -9 -9 -8 -8 -8 -8 -7 -7 -7 -7 -7 -6 -6 -6 -6 -6 -6 -5 -4 ------- Run | Yrd Mat Min Mat Min Mat Gar Mat Sto Fac Was Fac Low Dat Pro Fac Ext Cet Arc Hub Fac Fac Maximum Alert Level 5 | . . . 2 1 2 4 3 3 1 . 2 . . . 3 3 2 1 4 4 5 Low Security (%) 20 | 100 100 100 45 63 25 . . . 43 100 25 . . . 2 . . 63 13 . . Level 1 24 | . . . 25 36 63 8 . 22 56 . 14 . . . 70 43 4 36 3 11 8 Level 2 31 | . . . 28 . 10 17 63 63 . . 60 . . . 9 41 95 . 10 61 40 Level 3 14 | . . . . . . 56 36 14 . . . . . . 17 14 . . 3 26 20 Level 4 5 | . . . . . . 17 . . . . . . . . . . . . 69 . 7 Level 5 3 | . . . . . . . . . . . . . . . . . . . . . 22 High Security . | . . . . . . . . . . . . . . . . . . . . . . Max Security . | . . . . . . . . . . . . . . . . . . . . . . Peak Influence 2027 | 15 136 107 562 240 466 1283 754 757 350 56 547 . . . 830 749 552 331 1479 1136 2027 Initial 724 | . 3 22 . 208 63 295 625 295 332 56 . . . . 330 394 394 190 . 724 511 Average 497 | 2 34 45 225 191 242 835 682 517 216 9 351 . . . 370 469 485 152 946 619 901 Influence Increases 15297 | 15 327 90 915 224 911 1028 402 1107 246 . 790 38 . 236 1386 997 376 191 2087 1288 2643 Destroy 0b10 Robot/C 7400 | . 140 60 620 140 460 680 240 600 80 . 300 20 . 100 560 500 160 80 700 480 1480 Destroy 0b10 Robot/NC 585 | 15 30 5 40 . 70 10 25 45 25 . 20 . . 10 40 35 10 . 80 25 100 Destroy Leader 1388 | . 46 10 142 20 114 40 76 188 16 . 62 . . 20 130 46 . . 144 96 238 Allied During Kill 1589 | . . . . . . 39 . . . . 382 18 . 61 11 314 170 80 514 . . Successful Hack 279 | . 16 . 31 . 35 7 23 29 32 . . . . . 27 14 9 . . 24 32 Select Force Hacks 90 | . 60 . . . . . . 30 . . . . . . . . . . . . . Disable Machine 1230 | . . . . . 45 15 15 120 45 . 15 . . . 180 15 . 30 360 210 180 Anti-Garrison Action 150 | . . . . . . 150 . . . . . . . . . . . . . . . Destroy Structure 1356 | . 20 15 37 49 37 27 8 35 48 . 11 . . . 78 43 27 1 244 228 448 Advance Influence 300 | . . . . . . . . . . . . . . . 300 . . . . . . Partial Spotted 15 | . . . . . 15 . . . . . . . . . . . . . . . . Lose Combat Pursuer 915 | . 15 . 45 15 135 60 15 60 . . . . . 45 60 30 . . 45 225 165 Influence Decreases 13308 | 10 274 148 380 597 619 199 986 1074 816 162 324 263 241 187 629 1098 605 667 608 1723 1698 Entered New Map 4921 | . 2 36 . 327 99 159 658 404 400 106 . 173 241 . 19 412 311 286 . 755 533 Time Decay 6608 | 10 262 112 380 270 490 . 318 510 416 56 284 70 . 118 510 526 214 341 388 628 705 Lost Part 840 | . . . . . 30 20 10 10 . . 20 . . . 40 40 . . 20 190 460 Lost Ally 639 | . 10 . . . . 20 . . . . 20 20 . 69 60 120 80 40 200 . . Purge Threat 300 | . . . . . . . . 150 . . . . . . . . . . . 150 . Squads Dispatched 70 | . 4 . 3 . 3 . 1 4 2 . 4 . . . 4 2 . . 16 7 20 Investigation 12 | . 2 . . . 2 . . 1 . . 2 . . . . 1 . . 4 . . Extermination 18 | . . . . . . . . . 1 . 2 . . . 3 . . . 2 3 7 Reinforcement 26 | . 2 . 3 . 1 . 1 2 1 . . . . . 1 1 . . 6 2 6 Assault 14 | . . . . . . . . 1 . . . . . . . . . . 4 2 7 Garrison . | . . . . . . . . . . . . . . . . . . . . . . Intercept . | . . . . . . . . . . . . . . . . . . . . . . Searches Triggered . | . . . . . . . . . . . . . . . . . . . . . . Data Miner Redirects 11 | . . . . . . . . . . . . . . . . 1 . . 6 2 2 Construction Impeded 5 | . . . 1 . . . . . . . . . . . . 1 . . 2 . 1 Haulers Reinforced 3 | . . . . . . . . . . . . . . . . . . . . . 3 Active Scanning Responses . | . . . . . . . . . . . . . . . . . . . . . . Cargo Convoy Interrupts 1 | . . . . . . . . . . . . . . . . . . . . 1 . Stealth | -11 -10 -10 -9 -9 -8 -8 -8 -8 -7 -7 -7 -7 -7 -6 -6 -6 -6 -6 -6 -5 -4 --------- Run | Yrd Mat Min Mat Min Mat Gar Mat Sto Fac Was Fac Low Dat Pro Fac Ext Cet Arc Hub Fac Fac Distress Signals 34 | . 2 . 8 4 1 . 3 1 . . 2 . . 1 2 1 2 . . 3 4 Communications Jammed 87 | . . . . . . . . . . . . . . . . . . . . 29 58 Distress Signals 85 | . . . . . . . . . . . . . . . . . . . . 27 58 Times Spotted 508 | . 17 3 44 15 37 35 23 40 8 . 15 1 . 7 31 28 9 2 44 52 97 Peak Tracking Total 10 | . 4 3 7 7 10 5 4 6 2 . 3 1 . 6 5 6 5 1 6 7 8 Tactical Retreats 44 | . 1 . 2 1 6 3 1 4 . . . . . 3 3 2 . . 3 10 5 Traps | -11 -10 -10 -9 -9 -8 -8 -8 -8 -7 -7 -7 -7 -7 -6 -6 -6 -6 -6 -6 -5 -4 ------- Run | Yrd Mat Min Mat Min Mat Gar Mat Sto Fac Was Fac Low Dat Pro Fac Ext Cet Arc Hub Fac Fac Traps Triggered 17 | . . . . . 2 2 . 2 2 . 1 . . . 1 . . . 1 2 4 Indirectly . | . . . . . . . . . . . . . . . . . . . . . . Trap Hack Attempts . | . . . . . . . . . . . . . . . . . . . . . . Triggered . | . . . . . . . . . . . . . . . . . . . . . . Disarmed . | . . . . . . . . . . . . . . . . . . . . . . Reprogrammed . | . . . . . . . . . . . . . . . . . . . . . . Reused . | . . . . . . . . . . . . . . . . . . . . . . Traps Extracted . | . . . . . . . . . . . . . . . . . . . . . . Installed . | . . . . . . . . . . . . . . . . . . . . . . Triggered . | . . . . . . . . . . . . . . . . . . . . . . Machines | -11 -10 -10 -9 -9 -8 -8 -8 -8 -7 -7 -7 -7 -7 -6 -6 -6 -6 -6 -6 -5 -4 ---------- Run | Yrd Mat Min Mat Min Mat Gar Mat Sto Fac Was Fac Low Dat Pro Fac Ext Cet Arc Hub Fac Fac Machines Disabled 83 | . . . . . 3 2 1 8 3 . 1 . . . 12 1 . 2 24 14 12 Max in Single Turn 15 | . . . . . 1 1 1 1 2 . 1 . . . 7 . . 1 15 4 2 Garrison Access 5 | . . . . . . . . 1 . . . . . . . . . . 2 1 1 Garrison Relay 1 | . . . . . . 1 . . . . . . . . . . . . . . . Network Hub 2 | . . . . . . . . . . . . . . . . . . . 2 . . Machines Repaired . | . . . . . . . . . . . . . . . . . . . . . . Machines Dismantled . | . . . . . . . . . . . . . . . . . . . . . . Machines Sabotaged . | . . . . . . . . . . . . . . . . . . . . . . Overloaded Fab Kills . | . . . . . . . . . . . . . . . . . . . . . . Hacking | -11 -10 -10 -9 -9 -8 -8 -8 -8 -7 -7 -7 -7 -7 -6 -6 -6 -6 -6 -6 -5 -4 --------- Run | Yrd Mat Min Mat Min Mat Gar Mat Sto Fac Was Fac Low Dat Pro Fac Ext Cet Arc Hub Fac Fac Machines Accessed 83 | . 7 . 7 1 9 2 6 12 5 . 3 . 3 1 7 2 1 . 5 6 6 Terminals 52 | . 5 . 6 1 6 2 4 7 3 . 1 . . 1 4 2 1 . 4 2 3 Fabricators 6 | . . . . . . . . . 1 . 1 . . . 2 . . . . 2 . Repair Stations 7 | . . . 1 . 2 . . 2 . . . . . . 1 . . . . . 1 Recycling Units 7 | . 2 . . . . . 1 2 1 . . . . . . . . . . . 1 Scanalyzers 1 | . . . . . . . 1 . . . . . . . . . . . . . . Garrison Access 7 | . . . . . 1 . . 1 . . 1 . . . . . . . 1 2 1 Total Hacks 225 | . 26 . 17 3 20 4 15 32 12 . 5 . 18 2 19 5 1 . 8 19 19 Successful 126 | . 15 . 11 . 14 1 8 19 4 . 1 . 18 2 8 4 1 . 3 8 9 Failed 98 | . 10 . 6 3 6 3 7 13 8 . 4 . . . 11 1 . . 5 11 10 Catastrophic 20 | . . . . . 1 1 1 3 3 . 2 . . . 1 . . . 1 3 4 Database Lockouts 1 | . 1 . . . . . . . . . . . . . . . . . . . . Manual 136 | . 23 . 15 1 13 . 11 22 10 . 3 . . . 10 3 1 . 6 8 10 Terminals 161 | . 23 . 15 3 15 4 11 25 10 . 2 . . 2 11 5 1 . 6 14 14 Fabricators 9 | . . . . . . . . . 1 . 1 . . . 4 . . . . 3 . Repair Stations 15 | . . . 2 . 4 . . 3 . . . . . . 4 . . . . . 2 Recycling Units 9 | . 3 . . . . . 1 3 1 . . . . . . . . . . . 1 Scanalyzers 3 | . . . . . . . 3 . . . . . . . . . . . . . . Garrison Access 10 | . . . . . 1 . . 1 . . 2 . . . . . . . 2 2 2 Terminal Hacks 49 | . 4 . 1 . 2 1 1 8 1 . . . 18 2 1 1 1 . . 3 5 Record 4 | . . . . . . . . . . . . . 2 2 . . . . . . . Part Schematic 10 | . . . . . . . . 1 . . . . 8 . 1 . . . . . . Robot Schematic 5 | . . . . . . . . . . . . . 5 . . . . . . . . Robot Analysis 2 | . 1 . . . . . . 1 . . . . . . . . . . . . . Prototype ID Bank 5 | . 1 . . . 1 . . . . . . . 3 . . . . . . . . Open Door 4 | . . . . . . 1 . 2 . . . . . . . . 1 . . . . Branch Access Points 1 | . . . . . . . . . . . . . . . . . . . . . 1 Terminal Index 6 | . 1 . 1 . . . 1 1 1 . . . . . . . . . . . 1 Alert Level 1 | . . . . . . . . . . . . . . . . . . . . 1 . Unreport Threat 2 | . . . . . . . . 1 . . . . . . . . . . . 1 . Locate Traps 4 | . . . . . . . . 2 . . . . . . . . . . . 1 1 Registered Components 1 | . . . . . . . . . . . . . . . . . . . . . 1 Zone Layout 4 | . 1 . . . 1 . . . . . . . . . . 1 . . . . 1 Fabricator Hacks 3 | . . . . . . . . . . . . . . . 2 . . . . 1 . Network Status 1 | . . . . . . . . . . . . . . . . . . . . 1 . Load Schematic 1 | . . . . . . . . . . . . . . . 1 . . . . . . Build 1 | . . . . . . . . . . . . . . . 1 . . . . . . Repair Station Hacks 9 | . . . 2 . 3 . . 1 . . . . . . 3 . . . . . . Scan Component 6 | . . . 1 . 2 . . 1 . . . . . . 2 . . . . . . Repair 3 | . . . 1 . 1 . . . . . . . . . 1 . . . . . . Recycling Unit Hacks 1 | . . . . . . . . . . . . . . . . . . . . . 1 Retrieve Components 1 | . . . . . . . . . . . . . . . . . . . . . 1 Scanalyzer 2 | . . . . . . . 2 . . . . . . . . . . . . . . Insert Component 1 | . . . . . . . 1 . . . . . . . . . . . . . . Analyze 1 | . . . . . . . 1 . . . . . . . . . . . . . . Garrison Access Hacks 5 | . . . . . 1 . . 1 . . . . . . . . . . 1 1 1 Unlock Access 1 | . . . . . 1 . . . . . . . . . . . . . . . . Seal Access 4 | . . . . . . . . 1 . . . . . . . . . . 1 1 1 Unauthorized Hacks 57 | . 11 . 8 . 8 . 5 9 3 . 1 . . . 2 3 . . 2 3 2 Terminals 52 | . 9 . 8 . 8 . 5 7 3 . . . . . 2 3 . . 2 3 2 Assimilate 1 | . 1 . . . . . . . . . . . . . . . . . . . . Botnet 15 | . 2 . 2 . 2 . 1 2 1 . . . . . 2 1 . . . 1 1 Operators 2 | . 1 . 1 . . . . . . . . . . . . . . . . . . Skim 32 | . 5 . 5 . 6 . 4 5 2 . . . . . . 2 . . . 2 1 Sabotage 2 | . . . . . . . . . . . . . . . . . . . 2 . . Fabricators 1 | . . . . . . . . . . . 1 . . . . . . . . . . Recompile 1 | . . . . . . . . . . . 1 . . . . . . . . . . Repair Stations . | . . . . . . . . . . . . . . . . . . . . . . Recycling Units 4 | . 2 . . . . . . 2 . . . . . . . . . . . . . Recyclers 1 | . . . . . . . . 1 . . . . . . . . . . . . . Tunnel 3 | . 2 . . . . . . 1 . . . . . . . . . . . . . Scanalyzers . | . . . . . . . . . . . . . . . . . . . . . . Garrison Access . | . . . . . . . . . . . . . . . . . . . . . . Data Cores Recovered 1 | . . . . . . . . . . . 1 . . . . . . . . . . Used 1 | . . . . . . . . . . . 1 . . . . . . . . . . Hacking Detections 60 | . 4 . 6 1 8 2 5 9 5 . 2 . . . 6 1 1 . 2 4 4 Full Trace Events 3 | . . . 1 . . . . . . . 1 . . . . . . . 1 . . Feedback Events 1 | . . . . . . . . . . . . . . . . . . . 1 . . Corruption 1 | . . . . . . . . . . . . . . . . . . . 1 . . Feedback Blocked . | . . . . . . . . . . . . . . . . . . . . . . Robot Schematics Acquired 5 | . . . . . . . . . . . . . 5 . . . . . . . . Robots Built . | . . . . . . . . . . . . . . . . . . . . . . Authchips . | . . . . . . . . . . . . . . . . . . . . . . Time . | . . . . . . . . . . . . . . . . . . . . . . Total Robot Build Rating . | . . . . . . . . . . . . . . . . . . . . . . Part Schematics Acquired 11 | . . . . . . . 1 1 . . . . 8 . 1 . . . . . . Parts Built 2 | . . . . . . . . . . . . . . . 2 . . . . . . Authchips 1 | . . . . . . . . . . . . . . . 1 . . . . . . Time 31 | . . . . . . . . . . . . . . . 31 . . . . . . Total Part Build Rating 10 | . . . . . . . . . . . . . . . 10 . . . . . . Parts Repaired 3 | . . . 1 . 1 . . . . . . . . . 1 . . . . . . Time 156 | . . . 26 . 30 . . . . . . . . . 100 . . . . . . Parts Recycled . | . . . . . . . . . . . . . . . . . . . . . . Recycled Matter . | . . . . . . . . . . . . . . . . . . . . . . Retrieved Matter . | . . . . . . . . . . . . . . . . . . . . . . Retrieved Components 10 | . . . . . . . . . . . . . . . . . . . . . 10 Parts Scanalyzed 1 | . . . . . . . 1 . . . . . . . . . . . . . . Part Schematics Acquired 1 | . . . . . . . 1 . . . . . . . . . . . . . . Parts Damaged 1 | . . . . . . . 1 . . . . . . . . . . . . . . Bothacking | -11 -10 -10 -9 -9 -8 -8 -8 -8 -7 -7 -7 -7 -7 -6 -6 -6 -6 -6 -6 -5 -4 ------------ Run | Yrd Mat Min Mat Min Mat Gar Mat Sto Fac Was Fac Low Dat Pro Fac Ext Cet Arc Hub Fac Fac Used RIF Installer . | . . . . . . . . . . . . . . . . . . . . . . Robots Hacked . | . . . . . . . . . . . . . . . . . . . . . . Non-combat . | . . . . . . . . . . . . . . . . . . . . . . Combat . | . . . . . . . . . . . . . . . . . . . . . . Robot Hacks Applied . | . . . . . . . . . . . . . . . . . . . . . . Relay Couplers Released 10 | . . . . . . 5 . . . . . . . . . . . . 2 . 3 Machine Destruction 7 | . . . . . . 5 . . . . . . . . . . . . 2 . . Programmers 3 | . . . . . . . . . . . . . . . . . . . . . 3 Fabnet Peak Effective % . | . . . . . . . . . . . . . . . . . . . . . . Robots Rewired 14 | . . . . . . 2 . . . . . . . . . 12 . . . . . Allies Hacked . | . . . . . . . . . . . . . . . . . . . . . . Hacks Repelled . | . . . . . . . . . . . . . . . . . . . . . . Allies | -11 -10 -10 -9 -9 -8 -8 -8 -8 -7 -7 -7 -7 -7 -6 -6 -6 -6 -6 -6 -5 -4 -------- Run | Yrd Mat Min Mat Min Mat Gar Mat Sto Fac Was Fac Low Dat Pro Fac Ext Cet Arc Hub Fac Fac Total Allies 51 | . 1 . . . . 2 . . . 20 . . . . . 23 5 . . . . Largest Group 21 | . 1 . . . . 2 . . . 20 20 14 13 13 6 17 21 17 14 . . Highest-Rated Group 1092 | . 10 . . . . 78 . . . 515 515 410 375 375 170 632 1092 914 668 . . Highest-Rated Ally 159 | . 10 . . . . 39 . . . 35 35 35 31 31 31 159 159 159 96 . . Initial Warlord ECA Mod 22 | . . . . . . . 3 3 2 2 2 2 2 1 1 1 1 1 1 . . Total Orders . | . . . . . . . . . . . . . . . . . . . . . . Ally Attacks 468 | . . . . . . 33 . . . . 84 8 . 55 16 96 36 16 124 . . Total Damage 9424 | . . . . . . 396 . . . . 1252 120 . 967 186 1957 1612 316 2618 . . Kills 87 | . . . . . . 9 . . . . 19 1 . 6 1 15 6 3 27 . . Allies Corrupted 4 | . . . . . . . . . . . . . . . 2 1 . . 1 . . Allies Melted . | . . . . . . . . . . . . . . . . . . . . . . Intel | -11 -10 -10 -9 -9 -8 -8 -8 -8 -7 -7 -7 -7 -7 -6 -6 -6 -6 -6 -6 -5 -4 ------- Run | Yrd Mat Min Mat Min Mat Gar Mat Sto Fac Was Fac Low Dat Pro Fac Ext Cet Arc Hub Fac Fac Active Infowar (turns) 12617 | 19 831 269 581 . . . 68 . 987 372 446 152 103 381 1003 1188 442 802 343 2169 2461 Sensors 9124 | . . 2 . . . . 68 . 987 372 446 152 103 381 985 1005 442 802 343 2037 999 Seismic 1698 | 19 831 267 581 . . . . . . . . . . . . . . . . . . Machine Analysis 2959 | . . . . . . . . . . . . . . . . . . . . 498 2461 Jamming 3411 | . . . . . . . . . . . . . . . 99 183 . . . 2166 963 Robot Analysis Total 2 | . 1 . . . . . . 1 . . . . . . . . . . . . . Derelict Logs Recovered 4 | . . . . 2 . . . . . . . . . 2 . . . . . . . Drone Launches . | . . . . . . . . . . . . . . . . . . . . . . Drone Recoveries . | . . . . . . . . . . . . . . . . . . . . . . Exploration | -11 -10 -10 -9 -9 -8 -8 -8 -8 -7 -7 -7 -7 -7 -6 -6 -6 -6 -6 -6 -5 -4 ------------- Run | Yrd Mat Min Mat Min Mat Gar Mat Sto Fac Was Fac Low Dat Pro Fac Ext Cet Arc Hub Fac Fac Turns Passed 20880 | 98 831 269 1460 597 1288 1243 711 1396 1011 372 658 154 103 381 1384 1460 442 802 957 2169 3094 Spaces Moved 10711 | 44 422 159 681 332 577 629 328 581 678 253 487 97 76 266 757 791 155 56 442 1383 1517 Core 4 | 4 . . . . . . . . . . . . . . . . . . . . . Treads 3958 | 40 422 159 681 332 577 629 328 581 9 . . . . . . . . . . . 200 Legs 6749 | . . . . . . . . . 669 253 487 97 76 266 757 791 155 56 442 1383 1317 Wheels . | . . . . . . . . . . . . . . . . . . . . . . Hover . | . . . . . . . . . . . . . . . . . . . . . . Flight . | . . . . . . . . . . . . . . . . . . . . . . Fastest Speed 50 | 50 160 160 160 160 160 160 160 156 120 122 122 122 122 122 120 120 120 120 120 120 120 Average Speed 139 | 150 160 160 160 160 160 160 160 159 121 122 122 122 122 122 121 120 120 120 157 122 140 Slowest Speed 350 | 160 160 160 160 160 160 160 160 160 156 122 122 122 122 122 190 120 120 120 190 190 350 Overloaded Moves . | . . . . . . . . . . . . . . . . . . . . . . Propulsion Burnouts . | . . . . . . . . . . . . . . . . . . . . . . Robots Hopped . | . . . . . . . . . . . . . . . . . . . . . . Potential Cave-ins . | . . . . . . . . . . . . . . . . . . . . . . Cave-ins Triggered . | . . . . . . . . . . . . . . . . . . . . . . Exploration Rate (%) 49 | 3 83 40 52 63 46 72 32 95 21 85 16 20 68 47 20 85 65 68 45 32 35 Regions Visited 21 Branch Regions 10 Pre-discovered Areas 14 | . 4 . 1 1 2 . . 4 . . . 1 1 . . . . . . . . Known Exits Taken 15 | . 1 1 1 . 1 . 1 1 . . 1 1 1 1 1 1 1 1 1 . . Unknown Exits Taken 3 | 1 . . . 1 . . . . . . . . . . . . . . . 1 . Scrap Searched 2 | . . . . 1 . . . . . . . 1 . . . . . . . . . Spaces Dug 28 | . . . 1 . . . . 4 . . . . . . . . 2 . 2 10 9 Terrain Destroyed 1190 | . 17 21 54 52 41 14 4 26 50 . . . . . 73 47 8 . 393 129 261 Melee 5 | . . . . . . . . 2 . . . . . . . . . . . . 3 Projectile 219 | . . . 18 9 10 . 4 8 1 . . . . . 4 20 8 . 25 53 59 AOE 964 | . 17 21 36 43 31 14 . 16 49 . . . . . 69 27 . . 367 76 198 Terrain Rammed . | . . . . . . . . . . . . . . . . . . . . . . Walls Destroyed . | . . . . . . . . . . . . . . . . . . . . . . Machines Disabled . | . . . . . . . . . . . . . . . . . . . . . . Actions | -11 -10 -10 -9 -9 -8 -8 -8 -8 -7 -7 -7 -7 -7 -6 -6 -6 -6 -6 -6 -5 -4 --------- Run | Yrd Mat Min Mat Min Mat Gar Mat Sto Fac Was Fac Low Dat Pro Fac Ext Cet Arc Hub Fac Fac Total 15067 | 64 530 168 947 375 823 757 436 896 838 318 545 127 86 314 1108 1208 389 787 598 1688 2065 Wait 2458 | 4 62 1 146 2 103 32 34 148 98 43 42 27 11 41 222 220 205 728 59 138 92 Move 10691 | 43 421 158 680 331 576 628 327 580 678 252 486 96 75 265 756 790 154 55 441 1382 1517 Hop . | . . . . . . . . . . . . . . . . . . . . . . Pick Up 166 | 5 7 1 15 8 8 4 5 10 12 4 2 . . . 12 8 4 1 8 14 38 Fast Attach 115 | 7 . . 3 . 5 3 4 8 5 3 1 . . 1 6 3 . . 6 18 42 Attach 76 | . . . 3 . 5 1 . 2 2 . 2 . . . 9 3 . . 6 10 33 Detach 23 | . . . . . 3 . 1 1 . . . . . . 3 . . . . 2 13 Swap 231 | . 5 4 16 6 20 6 8 25 9 4 5 2 . 1 24 14 7 . 10 14 51 Drop 230 | . 5 1 22 9 19 6 9 33 16 10 4 . . 2 14 12 6 1 10 14 37 Fire 887 | 5 25 3 51 16 79 62 42 84 15 . 3 2 . 4 61 56 13 2 53 95 216 Melee 22 | . . . . . . . . 2 . . . . . . . . . . . . 20 Ram . | . . . . . . . . . . . . . . . . . . . . . . Kick 17 | . . . . . . . . . 3 . . . . . 1 1 . . 5 1 6 Crush 33 | . 5 . 11 3 5 . 6 3 . . . . . . . . . . . . . Escape Stasis . | . . . . . . . . . . . . . . . . . . . . . . Rewire 118 | . . . . . . 15 . . . 2 . . . . . 101 . . . . . Trap . | . . . . . . . . . . . . . . . . . . . . . . Miscellaneous . | . . . . . . . . . . . . . . . . . . . . . . Route ------- -11/Scrapyard -10/Materials (discovered 6 exits: *Mat x3 / *Min x2 / Sub) -10/Mines (discovered 2 exits: *Mat / Sub) -9/Materials (discovered 2 exits: *Mat / *Min) -9/Mines -8/Materials (discovered 6 exits: *Fac x3 / *Sto x2 / Gar) -8/Garrison (discovered 3 exits: *Mat x3) -8/Materials (discovered 2 exits: *Fac / *Sto) -8/Storage (discovered 2 exits: *Fac / Rec) -7/Factory (discovered 5 exits: Fac x4 / Low) -7/Waste -7/Factory (discovered 2 exits: *Fac / *Low) -7/Lower Caves (discovered 2 exits: Low / *Dat) -7/Data Miner -6/Proximity Caves -6/Factory (discovered 2 exits: *Fac / *Ext) -6/Extension (discovered 2 exits: *Fac / *Cet) -6/Cetus (discovered 2 exits: *Fac / *Arc) -6/Archives -6/Hub_04(d) -5/Factory -4/Factory (discovered 3 exits: Upp x2 / Arm) History --------- Turn | Location | Event 18 | -11/Scrapyard | Discovered new exit (range 15) 99 | -11/Scrapyard | Entered Materials 159 | -10/Materials | Discovered new exit (range 11) 300 | -10/Materials | Build established: Mutant 332 | -10/Materials | Discovered new exit (range 14) 635 | -10/Materials | Discovered new exit (range 12) 757 | -10/Materials | Central database locked down 799 | -10/Materials | Learned Storage terminal intel 831 | -10/Materials | Learned location of 1 exit from Recycling 867 | -10/Materials | Identified exit to Mines 869 | -10/Materials | Loaded intel: 19 trap records 872 | -10/Materials | Identified exit to Subcaves 872 | -10/Materials | Identified exit to Materials 930 | -10/Materials | Entered Mines 937 | -10/Mines | Discovered exit to Materials (range 5) 1073 | -10/Mines | Found a damaged Exp. Sensor Array with a note attached 1077 | -10/Mines | Found Prototype Device 1079 | -10/Mines | Identified Exp. Sensor Array 1199 | -10/Mines | Entered Materials 1199 | -9/Materials | Evolved 2 slots: Propulsion x1, Weapon x1 1200 | -9/Materials | Identified exit to Mines 1350 | -9/Materials | Repaired Lgt. Treads 1504 | -9/Materials | Build established: Gunner 1549 | -9/Materials | Discovered new exit (range 10) 2053 | -9/Materials | Learned location of Zion (-6) 2075 | -9/Materials | Learned 2 Storage zone layouts 2089 | -9/Materials | Learned Storage stockpile data 2099 | -9/Materials | Learned location of 1 exit from Storage 2659 | -9/Materials | Entered Mines 2934 | -9/Mines | Assembled infested the area 3041 | -9/Mines | Build established: Scavenger-Gunner 3052 | -9/Mines | Destroyed 7 combat bots 3135 | -9/Mines | Learned Materials stockpile data 3210 | -9/Mines | Discovered new exit (range 8) 3217 | -9/Mines | Received a Rocket Launcher from a helpful Derelict 3256 | -9/Mines | Entered Materials 3256 | -8/Materials | Evolved 2 slots: Propulsion x1, Utility x1 3469 | -8/Materials | Discovered new exit (range 8) 3538 | -8/Materials | Build established: Scavenger-Tank 3606 | -8/Materials | Lost 3 parts (1p1n1u) 3613 | -8/Materials | Destroyed 9 combat bots 4080 | -8/Materials | Discovered new exit (range 9) 4176 | -8/Materials | Discovered new exit (range 14) 4334 | -8/Materials | Learned 4 Recycling zone layouts 4350 | -8/Materials | Repaired Enh. Autogun 4391 | -8/Materials | Learned 2 Storage zone layouts 4440 | -8/Materials | Learned location of Recycling (-8) 4480 | -8/Materials | Identified exit to Factory 4528 | -8/Materials | Learned Recycling recycling unit intel 4535 | -8/Materials | Learned location of 2 exits from Lower Caves 4536 | -8/Materials | Identified exit to Garrison 4544 | -8/Materials | Entered Garrison 4640 | -8/Garrison | Triggered checkpoint 4640 | -8/Garrison | Build established: Tank 4836 | -8/Garrison | Triggered checkpoint 4869 | -8/Garrison | Triggered checkpoint 4989 | -8/Garrison | Discovered new exit (range 15) 5002 | -8/Garrison | Triggered checkpoint 5089 | -8/Garrison | Build established: Gunner 5220 | -8/Garrison | Triggered checkpoint 5356 | -8/Garrison | Discovered new exit (range 11) 5420 | -8/Garrison | Triggered checkpoint 5512 | -8/Garrison | Build established: Scavenger-Gunner 5528 | -8/Garrison | Triggered checkpoint 5631 | -8/Garrison | Discovered new exit (range 12) 5732 | -8/Garrison | Garrison Relay disabled 5787 | -8/Garrison | Entered Materials 6242 | -8/Materials | Discovered new exit (range 4) 6281 | -8/Materials | Discovered exit to Factory (range 16) 6423 | -8/Materials | Identified exit to Storage 6456 | -8/Materials | Core integrity fell below 50% 6498 | -8/Materials | Entered Storage 6500 | -8/Storage | Identified exit to Recycling 6501 | -8/Storage | Loaded intel: 10 terminal locations 7298 | -8/Storage | First assault squad dispatched 7564 | -8/Storage | Learned Factory security intel 7633 | -8/Storage | Learned location of 2 exits from Factory 7694 | -8/Storage | Learned location of Lower Caves (-6) 7747 | -8/Storage | Learned location of Extension (-6) 7845 | -8/Storage | Learned location of 1 exit from Lower Caves 7894 | -8/Storage | Entered Factory 7894 | -7/Factory | Evolved 2 slots: Utility x2 7895 | -7/Factory | Identified exit to Factory 7896 | -7/Factory | Identified exit to Lower Caves 8216 | -7/Factory | Build established: Scavenger-Skirmisher 8357 | -7/Factory | Found Prototype Launcher 8357 | -7/Factory | Identified Rocket Array 8905 | -7/Factory | Sucked down chute 8905 | -7/Factory | Entered Waste 8906 | -7/Waste | Joined by Warlord forces that had cleared the area 9090 | -7/Waste | Discovered new exit (range 12) 9188 | -7/Waste | Found Damper Plating 9251 | -7/Waste | Identified exit to Factory 9277 | -7/Waste | Entered Factory 9277 | -7/Factory | Accompanied by 20 allies 9683 | -7/Factory | Discovered exit to Factory (range 10) 9702 | -7/Factory | Lost 6 allies 9896 | -7/Factory | Discovered exit to Lower Caves (range 7) 9935 | -7/Factory | Entered Lower Caves 9935 | -7/Lower Caves | Accompanied by 14 allies 9936 | -7/Lower Caves | Identified exit to Lower Caves 9941 | -7/Lower Caves | Met a Warlord Commander 9942 | -7/Lower Caves | Learned location of Warlord (-4) 9943 | -7/Lower Caves | Warlord Commander delivered Encrypted Comm Array 10018 | -7/Lower Caves | Attracted the attention of an 0b10 checkpoint 10061 | -7/Lower Caves | A Derelict revealed a hidden shortcut to meet someone special 10075 | -7/Lower Caves | Identified exit to Data Miner 10089 | -7/Lower Caves | Entered Data Miner 10089 | -7/Data Miner | Accompanied by 13 allies 10089 | -7/Data Miner | Discovered new exit (range 7) 10113 | -7/Data Miner | Met Data Miner 10133 | -7/Data Miner | Acquired the access code to Warlord's prototype stash 10133 | -7/Data Miner | Learned location of Section 7 (-2) 10149 | -7/Data Miner | Build established: Skirmisher 10153 | -7/Data Miner | Received God Mode back door access code from Data Miner 10180 | -7/Data Miner | Identified exit to Proximity Caves 10192 | -7/Data Miner | Entered Proximity Caves 10192 | -6/Proximity Caves | Accompanied by 13 allies 10217 | -6/Proximity Caves | Learned location of 1 exit from Factory 10294 | -6/Proximity Caves | Spotter reported a threat 10347 | -6/Proximity Caves | Spotter reported a threat 10415 | -6/Proximity Caves | Lost 7 allies 10573 | -6/Proximity Caves | Entered Factory 10573 | -6/Factory | Accompanied by 6 allies 10573 | -6/Factory | Evolved 2 slots: Utility x2 10574 | -6/Factory | Identified exit to Factory 10897 | -6/Factory | Build established: Tank 10929 | -6/Factory | Lost 3 allies 11017 | -6/Factory | Fabricated Flexi-carbon Leg (x2) 11344 | -6/Factory | Build established: Skirmisher 11520 | -6/Factory | Repaired Broken Force Rifle 11608 | -6/Factory | Destroyed 7 combat bots 11742 | -6/Factory | Lost 3 parts (1u2w) 11930 | -6/Factory | Discovered new exit (range 12) 11955 | -6/Factory | Identified exit to Extension 11957 | -6/Factory | Entered Extension 12463 | -6/Extension | Rescued a captive Derelict 12465 | -6/Extension | Rescued a captive Derelict 12579 | -6/Extension | Rescued a captive Derelict 12579 | -6/Extension | Rescued a captive Derelict 12603 | -6/Extension | Rescued a captive Derelict 12698 | -6/Extension | Rescued a captive Derelict 12821 | -6/Extension | Build established: Commander-Skirmisher 12890 | -6/Extension | Incoming investigation squad redirected 12915 | -6/Extension | Spotted B-75 Beast 12927 | -6/Extension | Allies destroyed B-75 Beast 12936 | -6/Extension | Spotted B-75 Beast 12947 | -6/Extension | Allies destroyed B-75 Beast 12969 | -6/Extension | Lost 4 allies 13168 | -6/Extension | Rescued A7 13191 | -6/Extension | Rescued a captive Derelict 13253 | -6/Extension | Rescued a captive Derelict 13290 | -6/Extension | Rescued a captive Derelict 13298 | -6/Extension | Rescued a captive Derelict 13300 | -6/Extension | Rescued a captive Derelict 13358 | -6/Extension | Discovered exit to Factory (range 10) 13360 | -6/Extension | Discovered new exit (range 6) 13366 | -6/Extension | Identified exit to Cetus 13417 | -6/Extension | Entered Cetus 13417 | -6/Cetus | Accompanied by 17 allies (A7) 13422 | -6/Cetus | Acquired a Cetus Manufacturing Module code from A7 13433 | -6/Cetus | Spotted Cetus Guard 13437 | -6/Cetus | Destroyed Cetus Guard 13439 | -6/Cetus | Spotted Cetus Guard 13443 | -6/Cetus | Destroyed Cetus Guard 13447 | -6/Cetus | Spotted Cetus Guard 13451 | -6/Cetus | Destroyed Cetus Guard 13515 | -6/Cetus | Started Cetus Manufacturing Module 13523 | -6/Cetus | Escorted A7 to Cetus Mainframe 13540 | -6/Cetus | Manufactured an Enhanced Grunt 13565 | -6/Cetus | Manufactured an Enhanced Grunt 13590 | -6/Cetus | Manufactured an Enhanced Grunt 13615 | -6/Cetus | Manufactured an Enhanced Grunt 13638 | -6/Cetus | Discovered new exit (range 15) 13640 | -6/Cetus | Manufactured an Enhanced Grunt 13716 | -6/Cetus | Spotted Cetus Guard 13716 | -6/Cetus | Spotted Cetus Guard 13718 | -6/Cetus | Spotted Cetus Guard 13719 | -6/Cetus | Spotted Cetus Guard 13726 | -6/Cetus | Destroyed Cetus Guard 13732 | -6/Cetus | Allies destroyed Cetus Guard 13739 | -6/Cetus | Destroyed Cetus Guard 13740 | -6/Cetus | Allies destroyed Cetus Guard 13755 | -6/Cetus | Discovered exit to Factory (range 16) 13763 | -6/Cetus | Met Revision 17 13765 | -6/Cetus | Lost 4 allies 13811 | -6/Cetus | Identified exit to Archives 13859 | -6/Cetus | Entered Archives 13859 | -6/Archives | Accompanied by 17 allies (A7) 13864 | -6/Archives | Received a hacking code to weaken MAIN.C 13916 | -6/Archives | Discovered new exit (range 14) 13930 | -6/Archives | Identified exit to Hub_04(d) 14661 | -6/Archives | Entered Hub_04(d) 14661 | -6/Hub_04(d) | Accompanied by 14 allies 14755 | -6/Hub_04(d) | Incoming investigation squad redirected 14781 | -6/Hub_04(d) | Incoming investigation squad redirected 14800 | -6/Hub_04(d) | Incoming investigation squad redirected 14831 | -6/Hub_04(d) | Lost 3 allies 14942 | -6/Hub_04(d) | Lost 4 allies 14954 | -6/Hub_04(d) | Network Hub disabled 14977 | -6/Hub_04(d) | Spotted Lightning 14982 | -6/Hub_04(d) | Spotted Lightning 14983 | -6/Hub_04(d) | Spotted Lightning 14995 | -6/Hub_04(d) | Allies destroyed Lightning 15036 | -6/Hub_04(d) | Allies destroyed Lightning 15039 | -6/Hub_04(d) | Lost 4 allies 15070 | -6/Hub_04(d) | Incoming assault squad redirected 15133 | -6/Hub_04(d) | Specialist reinforcements revealed to be Infiltrators 15220 | -6/Hub_04(d) | Build established: Scavenger-Tank 15226 | -6/Hub_04(d) | Found Prototype Device 15226 | -6/Hub_04(d) | Identified Exp. EM Shield 15244 | -6/Hub_04(d) | Destroyed Lightning 15361 | -6/Hub_04(d) | First assault squad dispatched 15376 | -6/Hub_04(d) | Incoming assault squad redirected 15382 | -6/Hub_04(d) | Incoming assault squad redirected 15563 | -6/Hub_04(d) | Discovered exit to Factory (range 10) 15565 | -6/Hub_04(d) | Specialist reinforcements revealed to be Infiltrators 15616 | -6/Hub_04(d) | Network Hub disabled 15618 | -6/Hub_04(d) | Entered Factory 15618 | -5/Factory | Evolved 2 slots: Power x1, Utility x1 15863 | -5/Factory | Build established: Scavenger-Skirmisher 16241 | -5/Factory | Spotted B-75 Beast 16690 | -5/Factory | Cargo convoy interrupted 16707 | -5/Factory | Incoming assault squad redirected 16798 | -5/Factory | Found Prototype Launcher 16798 | -5/Factory | Identified Mni. Smartbomb Launcher 17236 | -5/Factory | System corruption reached 10% 17301 | -5/Factory | Lost 5 parts (1p1n2u1w) 17418 | -5/Factory | First assault squad dispatched 17450 | -5/Factory | Incoming assault squad redirected 17768 | -5/Factory | Discovered new exit (range 15) 17787 | -5/Factory | Entered another Factory area 17787 | -4/Factory | Evolved 2 slots: Utility x1, Weapon x1 17811 | -4/Factory | Lost 10 parts (2p2n3u3w) 18068 | -4/Factory | Build established: Scavenger-Mutant 18847 | -4/Factory | System corruption reached 10% 19034 | -4/Factory | Lost 5 parts (1p1n3u) 19494 | -4/Factory | Build established: Scavenger-Gunner 19537 | -4/Factory | First assault squad dispatched 19978 | -4/Factory | Destroyed 9 combat bots 20133 | -4/Factory | System corruption reached 30% 20143 | -4/Factory | Core integrity fell below 50% 20177 | -4/Factory | Lost 4 parts (4n) 20211 | -4/Factory | Destroyed 15 combat bots 20299 | -4/Factory | Lost 4 parts (2n1u1w) 20597 | -4/Factory | Identified exit to Upper Caves 20597 | -4/Factory | Identified exit to Armory 20695 | -4/Factory | Spotted B-86 Titan 20804 | -4/Factory | Incoming assault squad redirected 20815 | -4/Factory | Incoming assault squad redirected 20831 | -4/Factory | Core integrity fell below 20% 20834 | -4/Factory | Destroyed B-86 Titan 20844 | -4/Factory | Lost 11 parts (2n4u5w) 20881 | -4/Factory | Destroyed by L-61 Swordsman with Power Sword Last Messages --------------- failed to launch. 20850_ Shield Leg destroyed. 20850_ Neutrino Core destroyed. 20852_ System corrupted: Hvy. Phase Cannon failed to cycle. 20852_ Destroyed Lgt. Antimatter Reactor. 20860_ L-61 Swordsman destroyed. 20861_ N8DUFW6PO3=HQ6UXUI5KPSBYI/K#4&AHDOCC 20865_ Wave Gun destroyed. 20865_ Flexi-carbon Leg destroyed. 20866_ G-67 Veteran destroyed. 20868_ Smartbomb intercepted. 20870_ System corrupted: Hvy. Phase Cannon failed to cycle. 20871_ Hrd. Heavy Armor Plating destroyed. 20875_ Adv. Heat Sink destroyed. 20877_ Mic. Fission Core destroyed. 20879_ System corrupted: Component data lost. 20880_ U-05 Engineer builds a Wall. [Achievement: Tester] Map ----- +----------------------------------------------------+ | ???????????#####????????????#### * ########## | | ??##########"T"#######??????# [ | | ######## * ########## | | #???# | | ^^ #????#""" | | " " #???????#"R | | " " #???????#""" | | ? " " #???????# "" | | ? " " #???????# | | ? " " #???????# """ | | ?? " " #?????# | | ?? " " +?????# """ | | ??? " " ###+###### #?????# | | ?? # ###########?????# """ | | ?? # #???????????????# | | ?? "% #???????????????###??? | | ??????##"" % #????????????????????? | | ??????#""" *% #;###????????????????????? | | ??????#"Y =%=! #?????????????????????? | | ??????#"" ! !== ig% #??##?????????????????? | | ???????##" != [ #?# #?????????????????? | | ??????#### ==* ! "" ## #??????????????????? | | ?? = ! * = " # ???????????????????? | | ????##### "" [[ |! ; ????????????????????? | | ????????# """=!![/! !%l ##????????????????????? | | ????????+ F" =! @ ;#????????????????????? | | ????????# " ;;;;;;;;;###????????????????????? | | ????????# ; #??????????????????????? | | ????????+ % ! ; ###??????????????????????? | | ####+## % ;;;;######?????????????????????????? | | # !!#???????????????????????????? | | ^ + #???????????????????????????? | | !!! # """ #???????????????????????????? | | !! # """ #???????????????????????????? | | !! / """ #???????????????????????????? | | ^ % "## #???????????????????????????? | | #?########???????????????????????????? | | """"""""" ????????????????????????????????????? | | ? ????????????????????????????????????? | | ? #????????????????????????????????????? | | ? #????????????????????????????????????? | | ??## ?????????????????????????????????????? | | ???# ?????????????????????????????????????? | | ???# ?????????????????????????????????????? | | ???? ?????????????????????????????????????? | | ????? ?????????????????????????????????????? | | ???????# ?????????????????????????????????????? | | ????????? ?????????????????????????????????????? | | ?????????????????????????????????????????????????? | | ?????????????????????????????????????????????????? | +----------------------------------------------------+ Best States ------------- Heat Dissipation 100 Energy Generation 44 Energy Capacity 785 Matter Stores 300 Matter Capacity 300 Sight Range 16 Robot Scan Range 20 Terrain Scan Density 10 Jamming Range 12 Power Amplification 30 Armor Coverage 1600 Resistance: TH 25 Resistance: EM 90 Weapon Cycling 20 Evasion (%) 65 Target Analysis 8 Core Analysis 6 Recoil Reduction 6 Authchip Count 1 Item Schematics ----------------- Titanium Leg | -8/Materials | Scanalyzed Med. Reflective Plating | -8/Storage | Hacked Combat Drone Bay | -7/Data Miner | Free Lgt. Regenerative Plating | -7/Data Miner | Free Cld. Cesium-ion Thruster | -7/Data Miner | Free Gravity Neutralizer | -7/Data Miner | Free Com. Ion Cannon | -7/Data Miner | Free Arm. Medium Treads | -7/Data Miner | Free Imp. Recalibrator | -7/Data Miner | Free KE Penetrator | -7/Data Miner | Free Flexi-carbon Leg | -6/Factory | Hacked Robot Schematics ------------------ E-15 Imp | -7/Data Miner | Free M-22 Extractor | -7/Data Miner | Free G-47 Trooper | -7/Data Miner | Free H-66 Slayer | -7/Data Miner | Free Y-54 Guardian | -7/Data Miner | Free Fabricated ------------ Flexi-carbon Leg | x2 | -6/Factory | Authchip Repaired ---------- Lgt. Treads | 38% | -9/Materials Enh. Autogun | 36% | -8/Materials Force Rifle | 33% | -6/Factory | Broken Alien Tech Used ----------------- None Achievements -------------- Generalissimo Tester Challenges ------------ None Game ------ Seed PotentialCompanionDetonator Manual? 0 Play Time 03:35:25 Cumulative 148.3 hours Start 2025.07.29 @ 19:30:48 End 2025.07.29 @ 23:45:25 Sessions 2 Manual Loads 0 Difficulty Rogue Special Mode None Game No. 104 Rogue 104 Adventurer 0 Explorer 0 Win Type - Total 4 Types 3/0/1/0/0/0/0/0/0/0 Lore% 55 Gallery% 51 Achievement% 51 Wizard Run 0 Options --------- Layout 2 ASCII 0 Keyboard 1 Movement Numpad Keybinds 0 Fullscreen 2 Font 32/SmallcapsGlow Map View 50x44 Zoom Use 0% Tactical HUD 1 Map Filters NONE Filters NONE Steam 1 RUN: d5e0446f-7012-4616-849d-b905c3e17cb7